 Dungeon Crawl Stone Soup version 0.18.1-48-g4cf74bf (webtiles) character file.

0 glosham the Skirmisher (level 1, 0/22 HPs)
             Began as a Troll Abyssal Knight on July 28, 2016.
             Was a Follower of Lugonu.
             Slain by a thrashing horror (3 damage)
             ... on level 2 of the Abyss.
             The game lasted 00:01:26 (78 turns).

glosham the Skirmisher (Troll Abyssal Knight)         Turns: 78, Time: 00:01:26

Health: 0/22       AC:  5    Str: 19    XL:     1   Next: 0%
Magic:  1/1        EV: 10    Int:  8    God:    Lugonu [*.....]
Gold:   41         SH:  0    Dex:  9    Spells: 0 memorised, 0 levels left

rFire  . . .     SeeInvis .       - Unarmed
rCold  . . .     Gourm    +     a - +0 robe
rNeg   . . .     Faith    .     (no shield)
rPois  .         Spirit   .     (helmet restricted)
rElec  .         Dismiss  .     (no cloak)
rCorr  .         Reflect  .     (gloves unavailable)
SustAt +         Harm     .     (boots unavailable)
MR     .....                    (no amulet)
Stlth  +.........               (no ring)
                                c - ring of sustain attributes

@: not resistant to hostile enchantments, very unstealthy
A: unfitting armour, claws 3, fast metabolism 3, gourmand, regeneration 2,
shaggy fur 1, tough skin 2
a: Depart the Abyss, Renounce Religion


You were on level 2 of the Abyss.
You worshipped Lugonu.
Lugonu was aware of your devotion.
You were not hungry.

You visited 0 branches of the dungeon, and saw 0 of its levels.
You visited the Abyss 1 time.

You collected 41 gold pieces.

Inventory:

Armour
 a - a +0 robe (worn)
Jewellery
 c - a ring of sustain attributes (left claw)
Comestibles
 b - 2 bread rations


   Skills:
 - Level 2.4 Fighting
 - Level 1.9 Dodging
 + Level 2.0 Unarmed Combat
 - Level 1.5 Invocations


You couldn't memorise any spells.
You didn't know any spells.

Dungeon Overview and Level Annotations

Branches:
Dungeon (0/15)

Altars:


Innate Abilities, Weirdness & Mutations

You are too large for most types of armour.
You have claws for hands.
Your metabolism is lightning-fast.
You like to eat raw meat.
You heal very quickly.
You are covered in fur (AC +1).
You have very tough skin (AC +2).


Message History

Tentacles burst from the starspawn's body! 2 starspawn tentacles come into view.
You see here a tubular ivory ring.
c - a tubular ivory ring The starspawn tentacle barely misses you.
The starspawn tentacle grabs you. The starspawn tentacle constricts you.
Your attempt to break free from the starspawn tentacle fails, but you feel that another attempt might succeed.
The starspawn tentacle loses its grip on you.
The tentacle pulls you backwards!
The starspawn tentacle barely misses you.
An efreet comes into view. It is wielding a scimitar of flaming.
You see here 41 gold pieces.
You now have 41 gold pieces.
Put on which piece of jewellery? (? for menu, Esc to quit)
c - a ring of sustain attributes (left claw)
Found a scroll labeled ABAHEG DOQYLE.
You see here a scroll labeled ABAHEG DOQYLE.
d - a scroll labeled ABAHEG DOQYLE Read which item? (? for menu, Esc to quit)
As you read the scroll labeled ABAHEG DOQYLE, it crumbles to dust.
You assume a fearsome visage.
Nothing appears to happen.
It was a scroll of fear.
A thrashing horror comes into view.
The thrashing horror roars!
The thrashing horror tramples you.
You hold your ground!
The thrashing horror tramples you.
You hold your ground!
The thrashing horror tramples you but does no damage.
The thrashing horror tramples you.
You hold your ground!
You closely miss the thrashing horror. The thrashing horror tramples you.
You hold your ground!
The thrashing horror closely misses you.
Unknown command.
You scratch the thrashing horror.
The thrashing horror is lightly damaged.
The thrashing horror misses you.
The thrashing horror tramples you but does no damage.
The thrashing horror tramples you.
* * * LOW HITPOINT WARNING * * *
You hold your ground!
The thrashing horror tramples you.
You die...

#.##......
##..#.....
#...##§. # #
#..#§...#. #.
#.#.#..... #.
#...#. ..# ..
##§...#..#..
#.#...########
##X@#....###
#####..###
##§.# ##.# #..
###


You could see a thrashing horror.

Vanquished Creatures (others)
  2 starspawn tentacles (Abyss:2)
  49 starspawn tentacle segments (Abyss:2)
51 creatures vanquished.

Notes
Turn   | Place    | Note
--------------------------------------------------------------
     0 | Abyss:1  | glosham the Troll Abyssal Knight began the quest for the Orb.
     0 | Abyss:1  | Reached XP level 1. HP: 22/22 MP: 1/1
    42 | Abyss:2  | Noticed a tentacled starspawn
    48 | Abyss:2  | Noticed an efreet
    76 | Abyss:2  | Noticed a thrashing horror
    78 | Abyss:2  | Slain by a thrashing horror

Action                   || total
-------------------------++-------
Melee: Unarmed           ||     2
  Use: Scroll            ||     1
Armor: Robe              ||     2
Dodge: Dodged            ||     4

Table legend:
 A = Turns spent in this place as a percentage of turns spent in the entire game.
 B = Non-inter-level travel turns spent in this place as a percentage of non-inter-level travel turns spent in the entire game.
 C = Inter-level travel turns spent in this place as a percentage of turns spent in this place.
 D = Turns resting spent in this place as a percentage of non-inter-level travel turns spent in this place.
 E = Turns spent auto-exploring this place as a percentage of non-inter-level travel turns spent in this place.
 F = Non-inter-level travel turns spent in this place divided by the number of levels of this place that you've seen.
                   A       B       C       D       E      F
               +-------+-------+-------+-------+-------+----------------------
         Total | 100.0 | 100.0 |   0.0 |   0.0 |   0.0 |  40.0
         Abyss | 100.0 | 100.0 |   0.0 |   0.0 |   0.0 |  40.0
               +-------+-------+-------+-------+-------+----------------------

Vault maps used:
Abyss:1:  hangedman_abyss_or_decor_passed, hangedman_abyss_lost_library
Abyss:2:  minivault_28, hangedman_abyss_shoalhut
